AoeStats
← [GG] Shevchenko 7

Arena

510238083Analyzed
2v2 RM · 3d ago on Sep 30, 2026· 51m 54s· 4 players
Game mode
Random Map
Map size
Medium (4 player)
Population
200
Speed
Normal
Resources
Standard
Victory
Conquest
Starting age
Dark Age
Ending age
Imperial Age
RankedLock teamsTeams togetherTeam positionsShared explorationLock speedFull tech treeHidden civsTurbo modeCheats
Victory
Defeat
🇧🇴 Spanish · Bolivia
1049
+14
🇧🇴 Aztecs · Bolivia
1040
+15
🇧🇷 Malians · Brazil
1032
-15
🇧🇷 Mongols · Brazil
1007
-14
[GG] Shevchenko 7
10:04 Feudal Age
8:45 Loom
13:54 Castle Age
12:31 Double-Bit Axe
27:46 Fletching
29:54 Elite Skirmisher
35:16 Imperial Age
33:59 Padded Archer Armor
34:08 Bodkin Arrow
34:38 Husbandry
35:54 Ballistics
37:14 Wheelbarrow
37:32 Scale Barding Armor
37:44 Leather Archer Armor
39:45 Bracer
40:10 Chain Barding Armor
41:14 Capped Ram
42:31 Hand Cart
48:08 Light Cavalry
50:18 Bloodlines
[GG] Trezeguet
10:03 Feudal Age
11:32 Loom
15:42 Castle Age
14:03 Horse Collar
14:32 Double-Bit Axe
22:20 Heavy Plow
23:58 Gold Mining
28:56 Imperial Age
27:37 Wheelbarrow
29:07 Bow Saw
31:42 Elite Skirmisher
39:22 Fletching
39:33 Padded Archer Armor
39:43 Forging
39:55 Scale Mail Armor
40:58 Scale Barding Armor
Fanto
9:33 Loom
12:12 Feudal Age
13:46 Horse Collar
16:24 Castle Age
15:20 Double-Bit Axe
17:44 Bow Saw
17:35 Heavy Plow
27:48 Wheelbarrow
32:34 Imperial Age
31:55 Hand Cart
32:45 Gold Mining
37:16 Chemistry
36:57 Stone Mining
38:13 Pikeman
39:48 Stone Shaft Mining
39:25 Forging
39:15 Scale Mail Armor
38:58 Halberdier
49:12 Two-Man Saw
48:49 Iron Casting
48:29 Chain Mail Armor
49:53 Cavalier
51:42 Blast Furnace
50:48 Scale Barding Armor
51:25 Paladin
52:17 Bloodlines
Aqualava
1:54 Loom
10:51 Feudal Age
16:03 Castle Age
14:22 Double-Bit Axe
14:58 Horse Collar
23:18 Redemption
25:15 Wheelbarrow
25:10 Bow Saw
27:01 Heavy Plow
31:54 Imperial Age
30:35 Ballistics
30:27 Forging
30:17 Scale Mail Armor
31:49 Gold Mining
33:26 Theocracy
33:50 Iron Casting
33:31 Chain Mail Armor
33:54 Squires
33:39 Arson
35:31 Blast Furnace
34:18 Elite Skirmisher
35:56 Plate Mail Armor
35:17 Fletching
35:27 Padded Archer Armor
36:16 Hand Cart
35:48 Town Watch
35:49 Onager
37:45 Chemistry
37:27 Capped Ram
39:14 Crop Rotation
38:56 Atlatl
39:16 Conscription
39:40 Bodkin Arrow
40:00 Leather Archer Armor
41:23 Gold Shaft Mining
40:39 Stone Mining
41:13 Bracer
44:10 Caravan
44:41 Coinage
45:30 Stone Shaft Mining
46:21 Town Patrol
48:24 Elite Jaguar Warrior
48:52 Siege Ram
51:56 Garland Wars
Connection lost

Rejoining the realm…

Still unreachable

The connection could not be restored.

Session expired

The server has moved on; the page needs a fresh start.